 Dungeon Crawl Stone Soup version 0.31-a0-187-gba352fbbf7 (webtiles) character file.

Game seed: 18283809401921301106

17 qw the Shooter (level 2, -1/16 HPs)
             Began as a Deep Elf Hunter on June 22, 2023.
             Slain by a giant cockroach (2 damage)
             ... on level 1 of the Dungeon.
             The game lasted 00:00:07 (126 turns).

qw the Shooter (Deep Elf Hunter)                     Turns: 126, Time: 00:00:08

Health: -1/16      AC:  3    Str:  8    XL:     2   Next: 44%
Magic:  4/4        EV: 12    Int: 13    God:
Gold:   0          SH:  0    Dex: 18    Spells: 1/1 levels left

rFire   . . .        a - +0 shortbow
rCold   . . .        (shield currently unavailable)
rNeg    . . .        c - +0 leather armour
rPois   .            (no helmet)
rElec   .            (no cloak)
rCorr   .            (no gloves)
SInv    .            (no boots)
Will    .....        (no amulet)
Stlth   ++           (no ring)
HPRegen 0.22/turn    (no ring)
MPRegen 0.09/turn

%: no passive effects
@: no status effects
A: no striking features
a: no special abilities


You were on level 1 of the Dungeon.
You visited 1 branch of the dungeon, and saw 1 of its levels.


   Skills:
 - Level 1.5 Fighting
 + Level 6.2 Ranged Weapons
 - Level 2.4 Dodging
 - Level 1.2 Stealth


You had one spell level left.
You didn't know any spells.
Your spell library was empty.

Inventory:

Hand Weapons
 a - a +0 shortbow (weapon)
Armour
 c - a +0 leather armour (worn)
 d - a +2 pair of gloves
 e - a +0 ring mail
Scrolls
 b - a scroll of butterflies

Dungeon Overview and Level Annotations

Branches:
Dungeon (1/15)

Altars:

Shops:
D:1 *


Message History

You shoot an arrow. The arrow hits the goblin!
You kill the goblin!
The frilled lizard bites you but does no damage.
The giant cockroach bites you but does no damage.
You shoot an arrow.
The arrow hits the giant cockroach but does no damage.
A nearby plant withers and dies.
The giant cockroach bites you but does no damage.
The frilled lizard misses you.
The giant cockroach bites you but does no damage.
The rat bites you. The frilled lizard misses you.
You shoot an arrow.
The arrow barely misses the giant cockroach.
The giant cockroach closely misses you. The frilled lizard barely misses you.
The rat barely misses you.
You shoot an arrow.
The arrow hits the giant cockroach but does no damage.
The giant cockroach bites you.
The frilled lizard bites you but does no damage.
The rat bites you but does no damage. The giant cockroach misses you.
You shoot an arrow. The arrow hits the giant cockroach.
The giant cockroach is severely wounded.
The frilled lizard bites you. The rat barely misses you.
The giant cockroach misses you.
You shoot an arrow.
The arrow hits the giant cockroach but does no damage.
The giant cockroach is severely wounded.
The giant cockroach barely misses you. The rat bites you.
The frilled lizard closely misses you.
You shoot an arrow.
The arrow barely misses the giant cockroach.
The giant cockroach barely misses you.
The frilled lizard bites you but does no damage.
The rat barely misses you. The giant cockroach bites you.
You shoot an arrow.
The arrow hits the giant cockroach but does no damage.
The giant cockroach is severely wounded.
The rat closely misses you. The frilled lizard barely misses you.
The giant cockroach bites you.
You die...

#.#### #....%)....#
#....#### ##...........
#..#....###...).......#
#..####...8.8.8..#....
#..###[..#.}.}.#.#..7
.......#..8.\.8#...7
.#...####..}.}.....7
###..###..8.8.8lBr7P777.
##.......>.##...@....P.P
#..#.#####..#.....P"PPP.
#.##... ##.#.......PPP.
..####### .........##..
......... ##.##..#### .
#...77.#####.##..#
#...77.#...#. ....
.......#.<.# ....
.......#...#


You could see a giant cockroach, a frilled lizard and a rat.

Vanquished Creatures
  2 endoplasms (D:1)
  A giant cockroach (D:1)
  2 goblins (D:1)
  2 hobgoblins (D:1)
  4 jackals (D:1)
  A kobold (D:1)
  A frilled lizard (D:1)
13 creatures vanquished.

Notes
Turn   | Place    | Note
-------+----------+-------------------------------------------
     0 | D:1      | qw the Deep Elf Hunter began the quest for the Orb.
     0 | D:1      | Reached XP level 1. HP: 12/12 MP: 3/3
     0 | D:1      | 0 ||| qw: Version: 0.3-a-9-g12657ce
     0 | D:1      | 0 ||| qw: Game counter: 2439
     0 | D:1      | 0 ||| qw: Always use a shield: true
     0 | D:1      | 0 ||| qw: God list: Okawaru
     0 | D:1      | 0 ||| qw: Allow faded altars: false
     0 | D:1      | 0 ||| qw: Do Orc after D:15 true
     0 | D:1      | 0 ||| qw: Do second Lair branch before Depths: true
     0 | D:1      | 0 ||| qw: Lair rune preference: random
     0 | D:1      | 0 ||| qw: Plans: Normal
     0 | D:1      | 0 ||| PLANNING D:1-11
    73 | D:1      | Found Giclim's General Store.
    89 | D:1      | 89 ||| SHOPLISTING scroll of enchant armour (75 gold, have
                  | 0).
    89 | D:1      | 89 ||| SHOPLISTING scroll of identify (20 gold, have 0).
    89 | D:1      | 89 ||| SHOPLISTING scroll of teleportation (30 gold, have
                  | 0).
   102 | D:1      | Reached skill level 6 in Ranged Weapons
   102 | D:1      | Reached XP level 2. HP: 16/16 MP: 4/4
   120 | D:1      | HP: 4/16 [rat (3)]
   125 | D:1      | HP: 1/16 [giant cockroach (1)]
   126 | D:1      | Slain by a giant cockroach

Levels and vault maps discovered:
D:1:      amcnicky_arrival_single_pillar, layout_rooms, serial_shops,
          nicolae_shop_temple_entry_statues_fountains, shop, serial_forest,
          infiniplex_forest_end_double, infiniplex_forest_end_1,
          infiniplex_forest_clump_large, infiniplex_forest_corner_2,
          infiniplex_forest_clump_medium, infiniplex_forest_straight_3,
          infiniplex_forest_lined_3, infiniplex_forest_lined_room_3,
          infiniplex_forest_straight_2, infiniplex_forest_end_2

Skill      XL: |  1 |
---------------+----+-----
Ranged Weapons | 6 |  6.2
Fighting       | |  1.5
Dodging        | |  2.4
Stealth        | |  1.2

Action                     || total
---------------------------++-------
   Fire: Shortbow          ||    41
 Armour: Leather armour    ||    10
  Dodge: Dodged            ||    31

Table legend:
 A = Non-vault XP
 B = Vault XP
 C = Vault XP percentage of total XP
 D = Non-vault monster count
 E = Vault monster count
 F = Vault count percentage of total count
                 A         B        C        D         E       F
            +---------+---------+-------+---------+---------+-------
      Total |      25 |       0 |   0.0 |      13 |       0 |   0.0
            +---------+---------+-------+---------+---------+-------
        D:1 |      25 |       0 |   0.0 |      13 |       0 |   0.0
            +---------+---------+-------+---------+---------+-------
